General information
- name: BNet
- type: Ladder team game (AT/RT)
- host: Battle.net
- saver: MyLiegeCyrus
map: SilverpineForest
- players: 6
- length: 29:08
- speed: Fast
- version: 1.26 W3XP
- replay type:

» download(185 KB)
Players
team 1 (loser)
jvkwz (
green | 31 APM | 897 actions | 29:07)
5 Blademaster
2 Wind Walk
3 Critical Strike
3 Shadow Hunter
2 Healing Wave
1 Hex
» actions
| Build / train | 74 | |
| Enter build submenu | 28 | |
| Enter hero's abilities submenu | 8 | |
| Give item / drop item | 5 | |
| Remove unit from queue | 2 | |
| Right click | 385 | |
| Select / deselect | 320 | |
| Use ability | 75 | |
897 total
» units
| Peon | 7 | |
| Grunt | 3 | |
| Troll Headhunter/Berserker | 14 | |
| Shaman | 8 | |
| Troll Batrider | 8 | |
40 total
» upgrades
| Armor | 3 | |
| Ranged Weapons | 3 | |
| Shaman Training | 2 | |
| Berserker Upgrade | 1 | |
| Reinforced Defenses | 1 | |
| Liquid Fire | 1 | |
11 total
» buildings
| Barracks | 1 | |
| Altar of Storms | 1 | |
| Orc Burrow | 9 | |
| Voodoo Lounge | 1 | |
| War Mill | 1 | |
| Stronghold | 1 | |
| Fortress | 1 | |
| Spirit Lodge | 2 | |
| Watch Tower | 7 | |
| Great Hall | 1 | |
| Beastiary | 2 | |
27 total
» build order
00:49 Barracks
00:54 Altar of Storms
00:58 Orc Burrow
01:07 Voodoo Lounge
02:03 Orc Burrow
02:26 War Mill
02:50 Orc Burrow
04:10 Stronghold
06:42 Fortress
06:51 Spirit Lodge
10:47 Orc Burrow
10:50 Orc Burrow
12:01 Orc Burrow
15:57 Spirit Lodge
16:58 Watch Tower
17:01 Watch Tower
17:20 Watch Tower
19:18 Great Hall
19:49 Watch Tower
19:59 Watch Tower
20:50 Watch Tower
20:58 Watch Tower
23:15 Beastiary
23:18 Beastiary
24:01 Orc Burrow
24:49 Orc Burrow
25:13 Orc Burrow
» items
| Healing Salve | 1 | |
| Boots of Speed | 1 | |
| Dust of Appearance | 1 | |
| Orb of Lightning | 1 | |
| Lesser Clarity Potion | 1 | |
| Potion of Mana | 1 | |
| Scroll of Town Portal | 3 | |
9 total
MlleRose (
red | 33 APM | 961 actions | 29:01)
8 Death Knight
3 Death Coil
3 Unholy Aura
1 Animate Dead
1 Death Pact
» actions
| Build / train | 93 | |
| Enter build submenu | 28 | |
| Enter hero's abilities submenu | 8 | |
| Give item / drop item | 7 | |
| Remove unit from queue | 1 | |
| Right click | 401 | |
| Select / deselect | 369 | |
| Use ability | 54 | |
961 total
» units
| Acolyte | 15 | |
| Ghoul | 6 | |
| Crypt Fiend | 7 | |
| Frost Wyrm | 23 | |
51 total
» upgrades
| Creature Attack | 3 | |
| Web | 1 | |
| Creature Carapace | 3 | |
| Freezing Breath | 2 | |
9 total
» buildings
| Graveyard | 1 | |
| Crypt | 1 | |
| Halls of the Dead | 1 | |
| Ziggurat | 13 | |
| Altar of Darkness | 1 | |
| Tomb of Relics | 1 | |
| Black Citadel | 1 | |
| Sacrificial Pit | 1 | |
| Spirit Tower | 6 | |
| Boneyard | 2 | |
28 total
» build order
00:18 Graveyard
00:25 Crypt
00:47 Halls of the Dead
01:10 Ziggurat
01:28 Altar of Darkness
01:42 Tomb of Relics
01:47 Ziggurat
02:11 Ziggurat
03:09 Black Citadel
03:21 Sacrificial Pit
04:07 Ziggurat
05:46 Spirit Tower
05:50 Boneyard
06:44 Boneyard
06:52 Ziggurat
08:33 Ziggurat
08:38 Ziggurat
08:43 Ziggurat
08:47 Ziggurat
09:23 Ziggurat
09:55 Spirit Tower
10:21 Spirit Tower
11:14 Spirit Tower
16:30 Ziggurat
18:53 Spirit Tower
24:45 Ziggurat
24:48 Ziggurat
26:36 Spirit Tower
» items
| Rod of Necromancy | 1 | |
| Sacrificial Skull | 1 | |
| Potion of Healing | 5 | |
| Orb of Corruption | 1 | |
| Scroll of Healing | 3 | |
| Scroll of Town Portal | 2 | |
| Potion of Mana | 2 | |
15 total
SKILL_OWN_MICRO (
purple | 38 APM | 1116 actions | 29:06)
3 Demon Hunter
2 Mana Burn
1 Evasion
1 Dark Ranger
1 Black Arrow
» actions
| Assign group hotkey | 2 | |
| Build / train | 36 | |
| Enter build submenu | 22 | |
| Enter hero's abilities submenu | 4 | |
| Give item / drop item | 1 | |
| Right click | 630 | |
| Select / deselect | 360 | |
| Select group hotkey | 3 | |
| Use ability | 55 | |
1116 total
» units
» buildings
| Moon Well | 10 | |
| Altar of Elders | 1 | |
| Tree of Ages | 1 | |
| Ancient of Wonders | 1 | |
| Tree of Eternity | 1 | |
| Ancient of Wind | 1 | |
| Tree of Life | 1 | |
16 total
» build order
00:18 Moon Well
00:20 Altar of Elders
03:14 Moon Well
04:47 Moon Well
05:21 Moon Well
05:37 Moon Well
05:39 Moon Well
06:27 Moon Well
07:59 Moon Well
09:48 Tree of Ages
10:03 Ancient of Wonders
12:14 Tree of Eternity
12:20 Ancient of Wind
15:05 Tree of Life
16:09 Moon Well
17:11 Moon Well
» items
| Healing Salve | 2 | |
| Claws of Attack +9 | 1 | |
| Gauntlets of Ogre Strength +3 | 1 | |
| Gloves of Haste | 1 | |
5 total
team 2 (winner)
AlasPoorYorick (
yellow | 83 APM | 2429 actions | 29:08)
5 Warden
2 Shadow Strike
3 Blink
» actions
| Assign group hotkey | 9 | |
| Basic commands | 85 | |
| Build / train | 52 | |
| Enter build submenu | 20 | |
| Enter hero's abilities submenu | 5 | |
| Give item / drop item | 2 | |
| Remove unit from queue | 2 | |
| Right click | 1574 | |
| Select / deselect | 418 | |
| Select group hotkey | 128 | |
| Use ability | 133 | |
2429 total
» units
» upgrades
| Ultravision | 1 | |
| Nature's Blessing | 1 | |
2 total
» buildings
| Altar of Elders | 2 | |
| Moon Well | 21 | |
| Hunter's Hall | 1 | |
| Tree of Ages | 1 | |
| Ancient of Wonders | 1 | |
| Tree of Life | 2 | |
| Tree of Eternity | 1 | |
29 total
» build order
00:05 Altar of Elders
00:32 Moon Well
01:37 Moon Well
04:14 Moon Well
05:06 Hunter's Hall
06:04 Moon Well
06:38 Tree of Ages
07:37 Ancient of Wonders
08:46 Tree of Life
08:52 Moon Well
11:25 Moon Well
11:28 Moon Well
11:42 Tree of Eternity
13:55 Altar of Elders
13:57 Moon Well
14:16 Moon Well
18:24 Tree of Life
22:24 Moon Well
22:25 Moon Well
22:26 Moon Well
22:27 Moon Well
24:34 Moon Well
24:36 Moon Well
24:37 Moon Well
24:38 Moon Well
24:39 Moon Well
24:40 Moon Well
24:40 Moon Well
24:41 Moon Well
» items
| Boots of Speed | 1 | |
| Staff of Teleportation | 1 | |
| Orb of Lightning | 1 | |
| Cloak of Flames | 1 | |
| Amulet of Spell Shield | 1 | |
5 total
MyLiegeCyrus (
pink | 118 APM | 3451 actions | 29:08)
3 Archmage
2 Blizzard
1 Brilliance Aura
3 Blood Mage
2 Flame Strike
1 Siphon Mana
2 Mountain King
1 Storm Bolt
1 Bash
» actions
| Assign group hotkey | 363 | |
| Basic commands | 24 | |
| Build / train | 166 | |
| Enter build submenu | 143 | |
| Enter hero's abilities submenu | 8 | |
| Give item / drop item | 5 | |
| Right click | 1374 | |
| Select / deselect | 412 | |
| Select group hotkey | 659 | |
| Use ability | 297 | |
3451 total
» units
» upgrades
| Masonry | 2 | |
| Lumber Harvesting | 1 | |
| Magic Sentry | 1 | |
| Priest Training | 1 | |
5 total
» buildings
| Altar of Kings | 1 | |
| Farm | 4 | |
| Lumber Mill | 1 | |
| Scout Tower | 162 | |
| Arcane Tower | 17 | |
| Guard Tower | 64 | |
| Arcane Vault | 1 | |
| Keep | 2 | |
| Town Hall | 4 | |
| Castle | 2 | |
| Arcane Sanctum | 1 | |
259 total
» build order
00:05 Altar of Kings
00:21 Farm
00:50 Farm
01:02 Lumber Mill
01:14 Scout Tower
01:22 Scout Tower
01:28 Scout Tower
01:31 Scout Tower
01:47 Arcane Tower
01:47 Arcane Tower
01:47 Arcane Tower
01:47 Arcane Tower
01:52 Farm
02:03 Scout Tower
02:15 Arcane Tower
02:16 Arcane Tower
02:21 Arcane Tower
02:29 Scout Tower
02:44 Scout Tower
02:45 Guard Tower
02:47 Guard Tower
02:48 Scout Tower
03:15 Guard Tower
03:17 Scout Tower
03:18 Scout Tower
03:20 Guard Tower
03:22 Scout Tower
03:23 Guard Tower
03:36 Arcane Vault
03:56 Scout Tower
03:56 Guard Tower
04:21 Scout Tower
04:22 Scout Tower
04:23 Guard Tower
04:33 Scout Tower
04:33 Guard Tower
04:38 Scout Tower
04:39 Scout Tower
04:46 Keep
04:48 Farm
04:52 Scout Tower
04:53 Scout Tower
04:54 Guard Tower
05:42 Guard Tower
05:43 Scout Tower
05:44 Scout Tower
05:46 Scout Tower
05:59 Guard Tower
06:20 Scout Tower
06:31 Scout Tower
06:32 Arcane Tower
06:42 Scout Tower
06:58 Guard Tower
07:00 Scout Tower
07:01 Scout Tower
07:03 Scout Tower
07:04 Scout Tower
07:35 Guard Tower
08:04 Town Hall
08:06 Guard Tower
08:07 Scout Tower
08:09 Scout Tower
08:16 Scout Tower
08:17 Scout Tower
08:17 Scout Tower
08:18 Scout Tower
08:26 Scout Tower
08:27 Guard Tower
09:20 Guard Tower
09:33 Guard Tower
09:36 Castle
09:36 Castle
09:58 Arcane Sanctum
10:07 Guard Tower
10:08 Scout Tower
10:09 Scout Tower
10:32 Scout Tower
10:35 Scout Tower
11:09 Guard Tower
11:13 Town Hall
11:15 Scout Tower
11:16 Scout Tower
11:29 Guard Tower
11:30 Guard Tower
11:34 Scout Tower
11:35 Scout Tower
11:36 Scout Tower
11:46 Arcane Tower
12:14 Guard Tower
12:15 Scout Tower
12:16 Scout Tower
12:17 Scout Tower
12:17 Scout Tower
12:43 Scout Tower
12:44 Scout Tower
13:02 Scout Tower
13:04 Guard Tower
13:19 Scout Tower
13:52 Guard Tower
14:09 Guard Tower
14:11 Scout Tower
14:11 Scout Tower
15:05 Scout Tower
15:06 Scout Tower
15:06 Scout Tower
15:08 Guard Tower
15:09 Guard Tower
15:10 Scout Tower
15:11 Scout Tower
15:12 Scout Tower
15:12 Scout Tower
16:30 Guard Tower
16:34 Guard Tower
16:39 Scout Tower
16:41 Scout Tower
16:51 Town Hall
16:53 Scout Tower
16:53 Scout Tower
16:57 Scout Tower
16:59 Scout Tower
17:00 Scout Tower
17:01 Scout Tower
17:03 Guard Tower
17:04 Scout Tower
17:07 Scout Tower
17:46 Keep
18:02 Guard Tower
18:03 Scout Tower
18:04 Scout Tower
18:10 Guard Tower
18:11 Scout Tower
18:22 Guard Tower
18:23 Scout Tower
18:24 Scout Tower
18:24 Scout Tower
18:35 Scout Tower
18:37 Guard Tower
18:46 Guard Tower
18:54 Scout Tower
18:55 Scout Tower
18:56 Scout Tower
19:08 Guard Tower
19:10 Scout Tower
19:10 Scout Tower
19:11 Scout Tower
19:19 Scout Tower
19:20 Scout Tower
19:23 Arcane Tower
19:28 Scout Tower
19:29 Scout Tower
19:33 Scout Tower
19:34 Scout Tower
19:34 Scout Tower
19:35 Scout Tower
19:36 Scout Tower
19:37 Scout Tower
19:46 Guard Tower
19:57 Scout Tower
19:58 Scout Tower
20:06 Guard Tower
20:11 Scout Tower
20:13 Scout Tower
20:13 Scout Tower
20:15 Scout Tower
20:16 Scout Tower
20:22 Guard Tower
20:26 Scout Tower
20:30 Scout Tower
20:30 Scout Tower
20:31 Scout Tower
20:31 Scout Tower
20:32 Scout Tower
20:36 Guard Tower
21:39 Scout Tower
21:40 Scout Tower
21:40 Scout Tower
21:47 Arcane Tower
21:48 Guard Tower
21:52 Scout Tower
21:52 Scout Tower
21:54 Scout Tower
21:57 Scout Tower
21:58 Scout Tower
21:59 Scout Tower
22:08 Scout Tower
22:09 Scout Tower
22:10 Guard Tower
22:11 Scout Tower
22:12 Scout Tower
22:13 Scout Tower
22:17 Scout Tower
22:19 Scout Tower
22:19 Scout Tower
22:20 Scout Tower
22:25 Guard Tower
22:52 Arcane Tower
22:52 Guard Tower
22:56 Scout Tower
22:58 Scout Tower
23:06 Scout Tower
23:06 Scout Tower
23:07 Scout Tower
23:11 Guard Tower
23:35 Guard Tower
23:42 Guard Tower
23:46 Scout Tower
23:51 Scout Tower
24:14 Guard Tower
24:16 Scout Tower
24:17 Scout Tower
24:22 Guard Tower
24:22 Guard Tower
24:22 Guard Tower
24:24 Scout Tower
24:26 Guard Tower
24:30 Scout Tower
24:31 Scout Tower
24:32 Scout Tower
24:47 Scout Tower
24:47 Guard Tower
25:00 Arcane Tower
25:05 Guard Tower
25:09 Scout Tower
25:10 Scout Tower
25:11 Scout Tower
25:13 Scout Tower
25:13 Scout Tower
25:14 Scout Tower
25:33 Scout Tower
25:39 Arcane Tower
25:42 Guard Tower
25:44 Guard Tower
25:48 Scout Tower
25:52 Town Hall
26:24 Guard Tower
26:26 Scout Tower
26:27 Scout Tower
26:28 Scout Tower
26:29 Scout Tower
26:29 Scout Tower
26:30 Scout Tower
26:32 Guard Tower
26:34 Scout Tower
26:35 Scout Tower
26:35 Scout Tower
26:36 Scout Tower
26:38 Scout Tower
26:39 Scout Tower
26:40 Scout Tower
26:42 Scout Tower
26:51 Arcane Tower
26:55 Guard Tower
26:56 Guard Tower
27:02 Arcane Tower
27:06 Guard Tower
27:31 Guard Tower
27:43 Guard Tower
28:01 Arcane Tower
29:07 Guard Tower
» items
| Boots of Speed | 3 | |
| Staff of Teleportation | 3 | |
| Scroll of Regeneration | 7 | |
| Staff of Sanctuary | 2 | |
| Scroll of Town Portal | 1 | |
| Orb of Lightning | 1 | |
17 total
NUTSONYOCHIN.DE (
blue | 100 APM | 2900 actions | 29:08)
7 Blademaster
3 Wind Walk
3 Critical Strike
1 Bladestorm
» actions
| Assign group hotkey | 20 | |
| Basic commands | 4 | |
| Build / train | 72 | |
| ESC pressed | 1 | |
| Enter build submenu | 53 | |
| Enter hero's abilities submenu | 7 | |
| Give item / drop item | 16 | |
| Right click | 1794 | |
| Select / deselect | 223 | |
| Select group hotkey | 565 | |
| Use ability | 145 | |
2900 total
» units
» upgrades
| Spiked Barricades | 1 | |
| Reinforced Defenses | 1 | |
| Liquid Fire | 1 | |
| Ranged Weapons | 3 | |
| Armor | 2 | |
| Shaman Training | 1 | |
| Witch Doctor Training | 1 | |
| Spirit Walker Training | 1 | |
| Troll Regeneration | 1 | |
12 total
» buildings
| Altar of Storms | 1 | |
| Orc Burrow | 4 | |
| War Mill | 1 | |
| Voodoo Lounge | 1 | |
| Watch Tower | 37 | |
| Stronghold | 3 | |
| Beastiary | 2 | |
| Fortress | 1 | |
| Great Hall | 2 | |
| Barracks | 1 | |
| Spirit Lodge | 1 | |
54 total
» build order
00:06 Altar of Storms
00:20 Orc Burrow
00:29 War Mill
00:47 Voodoo Lounge
01:49 Watch Tower
02:23 Watch Tower
02:48 Watch Tower
02:55 Watch Tower
04:03 Stronghold
04:03 Stronghold
04:33 Watch Tower
04:37 Watch Tower
05:44 Watch Tower
05:45 Watch Tower
06:19 Orc Burrow
06:25 Beastiary
06:26 Beastiary
06:30 Fortress
07:19 Orc Burrow
10:24 Orc Burrow
10:29 Watch Tower
10:29 Watch Tower
14:09 Watch Tower
14:09 Watch Tower
14:10 Watch Tower
14:14 Watch Tower
14:14 Watch Tower
14:15 Watch Tower
14:15 Watch Tower
15:41 Watch Tower
15:41 Watch Tower
15:43 Watch Tower
15:43 Watch Tower
16:55 Watch Tower
16:55 Watch Tower
16:56 Watch Tower
16:57 Watch Tower
17:00 Watch Tower
17:03 Watch Tower
17:05 Watch Tower
18:41 Great Hall
18:51 Watch Tower
19:16 Watch Tower
20:14 Watch Tower
20:46 Great Hall
20:48 Watch Tower
20:49 Watch Tower
21:58 Watch Tower
21:58 Watch Tower
22:34 Barracks
23:01 Spirit Lodge
23:07 Watch Tower
23:08 Watch Tower
» items
| Healing Salve | 4 | |
| Lesser Clarity Potion | 6 | |
| Boots of Speed | 1 | |
| Staff of Teleportation | 1 | |
| Orb of Lightning | 1 | |
| Hood of Cunning | 1 | |
| Medallion of Courage | 1 | |
| Pendant of Mana | 1 | |
| Claws of Attack +6 | 1 | |
| Gloves of Haste | 1 | |
| Legion Doom-Horn | 1 | |
19 total
Chat log
(05:02 / All) jvkwz: ^
(17:30 / All) SKILL_OWN_MICRO: nice mh nobo
(17:34 / All) NUTSONYOCHIN.DE: lmao
(21:42 / All) MyLiegeCyrus: LOL noob undead
(28:12 / All) MyLiegeCyrus: YOU ARE SO BAD
(28:13 / All) MyLiegeCyrus: LEAVE
(28:41 / All) MyLiegeCyrus: NOOB UNDEAD
(29:01 / All) jvkwz: gg noob